 Dungeon Crawl Stone Soup version 0.20.1-3-g7921b9d020 (webtiles) character file.

278 Alfie the Shooter (level 6, 0/52 HPs)
             Began as a Minotaur Hunter on Feb 14, 2020.
             Succumbed to a scorpion's poison
             ... on level 4 of the Dungeon.
             The game lasted 00:10:25 (2087 turns).

Alfie the Shooter (Minotaur Hunter)                 Turns: 2087, Time: 00:10:26

Health: 0/52       AC:  5    Str: 18    XL:     6   Next: 5%
Magic:  5/5        EV: 12    Int:  8    God:
Gold:   203        SH:  0    Dex: 11    Spells: 5/5 levels left

rFire    . . .     SeeInvis .   b - +0 short sword
rCold    . . .     Gourm    .   (no shield)
rNeg     . . .     Faith    .   k - +0 ring mail
rPois    .         Spirit   .   (helmet restricted)
rElec    .         Reflect  .   (no cloak)
rCorr    .         Harm     .   (no gloves)
MR       .....                  (no boots)
Stlth    +.........             (no amulet)
Regen    0.2/turn               (no ring)
MPRegen  0.1/turn               (no ring)

@: lethally poisoned (0 -> -4)
A: retaliatory headbutt, horns 2
a: no special abilities


You were on level 4 of the Dungeon.
You were not hungry.

You visited 1 branch of the dungeon, and saw 4 of its levels.

You collected 203 gold pieces.

Inventory:

Hand Weapons
 a - a +1 shortbow
 b - a +0 short sword (weapon)
Missiles
 d - 39 arrows
Armour
 k - a +0 ring mail (worn)
Jewellery
 l - an uncursed ring of protection from cold
 o - an uncursed ring of flight
 p - an uncursed ring of stealth {unknown}
Wands
 j - a wand of digging (24/24)
 m - a wand of digging (10/24)
Scrolls
 c - a scroll of amnesia
 g - 3 scrolls of remove curse
Potions
 e - a potion of agility
Comestibles
 f - 3 bread rations
 q - 2 meat rations


   Skills:
 + Level 3.7 Fighting
 + Level 2.2 Short Blades
 + Level 6.1 Bows
 + Level 2.5 Armour
 + Level 3.2 Dodging
 + Level 0.7 Stealth


You had 5 spell levels left.
You didn't know any spells.

Dungeon Overview and Level Annotations

Branches:
Dungeon (4/15)
 Temple: D:4-7

Altars:
Ashenzari
Elyvilon
Kikubaaqudgha


Innate Abilities, Weirdness & Mutations

You reflexively headbutt those who attack you in melee.
You have a pair of horns on your head.


Message History

The howler monkey hits you but does no damage.
The scorpion stings you.
* * * LOW HITPOINT WARNING * * *
You are poisoned.
The scorpion poisons you!
You feel sick.
A phantom comes into view.
You feel sick. The orc hits you but does no damage.
The howler monkey misses you.
You puncture the howler monkey!
The howler monkey is moderately wounded.
You feel sick. The orc misses you. The howler monkey hits you.
* * * LOW HITPOINT WARNING * * *
You hit the howler monkey.
The howler monkey is heavily wounded.
The orc hits you but does no damage. The howler monkey hits you.
* * * LOW HITPOINT WARNING * * *
You closely miss the howler monkey.
The howler monkey is heavily wounded.
You die...

.. #.........#
#.........# #.........#
##.### #.!.......# ..
... #.........# . #.
#.###........%# ...###.
#..##....?)....
...W...####..##.......##
#...@hsZ.............
#####oo$.......####(#
##.........# .(
#.........# .
#########.# #... .#..
.#... ..


You could see a phantom, a scorpion, a howler monkey, 2 orcs and an adder
skeleton.

Vanquished Creatures
  A scorpion (D:4)
  An orc priest (D:3)
  Jessica (D:3)
  A worker ant (D:4)
  4 adders
  4 gnolls
  3 worms
  3 leopard geckos
  4 orcs
  A ball python (D:2)
  6 giant cockroaches
  5 goblins
  6 hobgoblins
  6 kobolds
  A quokka (D:2)
  10 bats
  5 frilled lizards
  5 rats
67 creatures vanquished.

Notes
Turn   | Place    | Note
-------+----------+-------------------------------------------
     0 | D:1      | Alfie the Minotaur Hunter began the quest for the Orb.
     0 | D:1      | Reached XP level 1. HP: 18/18 MP: 0/0
    52 | D:1      | Reached XP level 2. HP: 25/25 MP: 1/1
   308 | D:1      | Reached skill level 5 in Bows
   586 | D:1      | Reached XP level 3. HP: 30/30 MP: 2/2
   748 | D:2      | Reached skill level 1 in Armour
   974 | D:2      | Found a white marble altar of Elyvilon.
   975 | D:2      | Found an ancient bone altar of Kikubaaqudgha.
  1120 | D:3      | Reached XP level 4. HP: 20/37 MP: 3/3
  1251 | D:3      | Reached skill level 1 in Short Blades
  1297 | D:3      | Noticed Jessica
  1310 | D:3      | Killed Jessica
  1310 | D:3      | Reached XP level 5. HP: 17/45 MP: 4/4
  1470 | D:3      | Found a shattered altar of Ashenzari.
  1870 | D:4      | Reached skill level 6 in Bows
  1885 | D:4      | Reached XP level 6. HP: 5/52 MP: 5/5
  1891 | D:4      | Noticed a dagger
  1892 | D:4      | Noticed a dagger
  2086 | D:4      | HP: 1/52 [howler monkey (4)]
  2087 | D:4      | Succumbed to a scorpion's poison

Skill      XL: |  1  2  3  4  5 |
---------------+----------------+-----
Bows           | 5 6 |  6.1
Armour         | 2 |  2.5
Fighting       | 3 |  3.7
Short Blades   | 1 2 |  2.2
Dodging        | 3 |  3.2
Stealth        | |  0.7

Action                   |  1- 3 |  4- 6 || total
-------------------------+-------+-------++-------
Melee: Short sword       |    58 |    70 ||   128
       Headbutt          |     8 |    13 ||    21
 Fire: Shortbow          |    42 |    38 ||    80
Throw: Tomahawk          |       |    11 ||    11
  Use: Scroll            |     3 |     7 ||    10
       Potion            |       |     5 ||     5
 Stab: Sleeping          |     1 |       ||     1
  Eat: Royal jelly       |     1 |     1 ||     2
Armor: Leather armour    |    19 |       ||    19
       Ring mail         |    11 |    24 ||    35
Dodge: Dodged            |    50 |    56 ||   106
